 Dungeon Crawl Stone Soup version 0.29.1-2-gbd0b4ee654 (webtiles) character file.

Game seed: 13256893351804003223

80 GeoRichter the Slasher (level 4, 0/26 HPs)
             Began as a Vampire Gladiator on Nov 14, 2022.
             Slain by a river rat (6 damage)
             ... on level 3 of the Dungeon.
             The game lasted 00:03:32 (2146 turns).

GeoRichter the Slasher (Vampire Gladiator)          Turns: 2146, Time: 00:03:33

Health: 0/26       AC:  6    Str: 13    XL:     4   Next: 18%
Magic:  4/4        EV: 12    Int: 10    God:
Gold:   174        SH:  0    Dex: 17    Spells: 3/3 levels left

rFire   + . .      SeeInvis +   a - +0 long sword
rCold   + + .      Faith    .   (no shield)
rNeg    + + +      Spirit   .   l - +0 ring mail
rPois   ∞          Reflect  .   c - +0 helmet
rElec   .          Harm     .   (no cloak)
rCorr   .          Rampage  .   (no gloves)
Will    .....                   (no boots)
Stlth   +++.......              (no amulet)
HPRegen 0.00/turn               s - ring of protection from fire
MPRegen 0.09/turn               (no ring)

@: bloodless, inhibited regen
A: bloodless, fangs 3, see invisible, vampiric 2
a: Bat Form, Revivify


You were on level 3 of the Dungeon.
You visited 1 branch of the dungeon, and saw 3 of its levels.

You collected 174 gold pieces.

Inventory:

Hand Weapons
 a - a +0 long sword (weapon)
Missiles
 d - 3 throwing nets (quivered) {!f}
 e - a javelin
 i - 2 silver javelins
Armour
 c - a +0 helmet (worn)
 l - a +0 ring mail (worn)
   (You found it on level 1 of the Dungeon)
Jewellery
 s - a ring of protection from fire (left hand)
   (You found it on level 2 of the Dungeon)
Scrolls
 b - a scroll of poison {unknown}
 f - a scroll of magic mapping {unknown}
 h - a scroll of fear {unknown}
 j - a scroll of immolation {unknown}
 k - a scroll of fog {unknown}
 r - a scroll of identify {unknown}
 t - a scroll of acquirement {unknown}
Potions
 g - a potion of magic {unknown}
 m - a potion of brilliance {unknown}
 n - a potion of resistance {unknown}
 o - a potion of curing {unknown}
 p - a potion of ambrosia {unknown}
 q - a potion of heal wounds {unknown}


   Skills:
 - Level 1.7 Fighting
 * Level 4.5 Long Blades
 - Level 1.5 Throwing
 + Level 4.1 Dodging


You had 3 spell levels left.
You didn't know any spells.
Your spell library contained the following spells:

 Spells                   Type           Power      Damage    Failure   Level
 Ensorcelled Hibernation  Hex/Ice        0%         N/A       77%         2
 Passwall                 Tmut/Erth      0%         N/A       77%         2
 Swiftness                Air            0%         N/A       94%         3


Dungeon Overview and Level Annotations

Branches:
Dungeon (3/15) Zot: 15825

Altars:
Fedhas

Portals:
Sewer: D:3


Innate Abilities, Weirdness & Mutations

You do not regenerate when monsters are visible.
You are frail without blood (-20% HP).
You can heal yourself when you bite living creatures.
You are immune to poison.
You have razor-sharp teeth.
You have supernaturally acute eyesight. (SInv)
You are afflicted with vampirism and can become a bat while bloodless.


Message History

g - Guard the area. f - Follow me.
Anything else - Cancel.
You shout for attention!
You barely miss the river rat.
The river rat bites you but does no damage.
You hit the river rat but do no damage.
The river rat bites you but does no damage.
You hit the river rat but do no damage.
You hear the quick rusting of a drain.
The river rat barely misses you.
The river rat bites you but does no damage.
You hit the river rat but do no damage. You bite the river rat.
You draw the river rat's blood!
You feel better.
The river rat twitches its whiskers.
The river rat bites you.
You hit the river rat but do no damage. The river rat barely misses you.
You hit the river rat but do no damage. The river rat bites you.
* * * LOW HITPOINT WARNING * * *
You hit the river rat. The river rat bites you.
* * * LOW HITPOINT WARNING * * *
You hit the river rat. The river rat barely misses you.
The river rat closely misses you.
You hit the river rat.
You kill the river rat!
You have reached level 4!
You start resting.
A river rat is nearby!
You start resting.
A river rat is nearby!
You start resting.
You hear the rapid rusting of a drain very nearby.
You start resting.
A river rat is nearby!
You hit the river rat but do no damage.
The river rat bites you but does no damage.
You barely miss the river rat.
You bite the river rat, but do no damage.
The river rat barely misses you.
You slash the river rat! The river rat misses you.
You slash the river rat!
You kill the river rat!
The river rat misses you.
You see here a river rat corpse.
You closely miss the river rat. The river rat bites you.
* * * LOW HITPOINT WARNING * * *
You hit the river rat. The river rat bites you.
* * * LOW HITPOINT WARNING * * *
You hit the river rat. The river rat closely misses you.
You hit the river rat. The river rat bites you.
You die...

#..†...# ##.##
#..###.# ##...##
#..###.######.....#
#...r......###...## #
#.####.#.#......###..#
#.# #.#...####†.....#
#.# #.##### #.###..#
#.. ..# #r# # ### ###
#@# #.# #.# #.# #.#
#### #.########### ..#
###.#.........# #.#
#.....#######.#
#>####.###.#####
#.######


You could see a river rat.

Vanquished Creatures
  2 adders (D:3)
  2 river rats (D:3)
  A worm (D:2)
  A dart slug (D:3)
  3 bats
  3 endoplasms
  3 giant cockroaches (D:3)
  2 goblins
  6 hobgoblins
  6 ball pythons (D:3)
  3 frilled lizards
  3 kobolds
  4 rats
39 creatures vanquished.

Notes
Turn   | Place    | Note
-------+----------+-------------------------------------------
     0 | D:1      | GeoRichter the Vampire Gladiator began the quest for the
                  | Orb.
     0 | D:1      | Reached XP level 1. HP: 16/16 MP: 1/1
   302 | D:1      | Reached XP level 2. HP: 22/22 MP: 2/2
   435 | D:1      | You fall into a shaft and drop 1 floor!
   488 | D:2      | Found a blossoming altar of Fedhas.
  1276 | D:2      | Found a faded altar of an unknown god.
  1741 | D:3      | Gained mutation: You are afflicted with vampirism and can
                  | become a bat while bloodless. [Vampire growth]
  1741 | D:3      | Reached XP level 3. HP: 13/21 MP: 3/3
  2068 | D:3      | Found a glowing drain.
  2085 | D:3      | Reached XP level 4. HP: 10/26 MP: 4/4
  2146 | D:3      | Slain by a river rat

Illustrated notes

Levels and vault maps discovered:
D:1:      eino_arrival_cavern_c, layout_basic
D:2:      layout_loops_ring, nicolae_ecumenical_lake_church, basic_altar,
          minmay_circled_x
D:3:      minmay_chambers_of_threes, layout_loops_corners, portal_sewer_entry_b,
          grunt_decor_clamped, chequers_serial_rivers_micro_e,
          minmay_misc_feat_ornament, minivault_25, columned_hall_lemuel

Skill      XL: |  1  2  3 |
---------------+----------+-----
Long Blades    | 4 |  4.5
Dodging        | 4 |  4.1
Fighting       | |  1.7
Throwing       | |  1.5

Action                   |  1- 3 |  4- 6 || total
-------------------------+-------+-------++-------
Melee: Long sword        |   109 |     8 ||   117
       Bite              |    12 |     1 ||    13
       Punch             |     1 |       ||     1
 Abil: Exsanguinate      |     1 |       ||     1
 Stab: Sleeping          |     3 |       ||     3
Armor: Leather armour    |     2 |       ||     2
       Ring mail         |    40 |     1 ||    41
Dodge: Dodged            |    69 |     4 ||    73
